[ AOE2 MATCH · #495917316 ]
UnrankedHuns vs Wu
Player's team · WIN
Rival team · LOSS
[ REPLAY ANALYSIS · EXTRACTED FROM THE RECORDED GAME ]
Feudal
8:26
Castle
22:19
Imperial
40:59
| APM avg | 54.7 |
| APM peak | 128 |
| eAPM avg | 34.6 |
| Villagers / military | 320 / 706 |
Focus
⚔️ 53.1% · 🌾 46.9%
Scout Cavalry ×259 · Skirmisher ×236 · Tarkan ×104 · Knight ×46 · Cavalry Archer ×29 · Trebuchet (Packed) ×12
Feudal
8:52
Castle
24:24
Imperial
40:47
| APM avg | 46.8 |
| APM peak | 93 |
| eAPM avg | 25.3 |
| Villagers / military | 245 / 325 |
Focus
⚔️ 43.6% · 🌾 56.4%
Archer ×192 · Spearman ×124 · Unknown (1942) ×15 · Militia ×5 · Unknown (1974) ×4 · Monk ×2
Match map
Initial resources + every placement click. Lines = walls · curves = elevation contours. ◆ gold · ⬟ stone · ● berries · ✦ relic · ◌ wall gap
Your base· Open — opponent sealed themselves in
Holy Heroin's base· ✓ Closed at 24:24 · 43t walls · 1 gate(s)
Smoothed initial terrain · ◌ = detected wall gap · hover for details
Inputs per minute
— CORP_Leugim - - Holy Heroin
Build order — CORP_Leugim
First 150 of 1021 actions detected
| 0:00 | Create | Villager (Male) |
| 0:06 | Create | Villager (Male) |
| 0:06 | Create | Villager (Male) |
| 0:09 | Create | Villager (Male) |
| 0:09 | Create | Villager (Male) |
| 1:20 | Create | Villager (Male) |
| 1:20 | Create | Villager (Male) |
| 1:21 | Create | Villager (Male) |
| 1:53 | Build | Lumber Camp |
| 1:55 | Create | Villager (Male) |
| 2:06 | Create | Villager (Male) |
| 2:07 | Create | Villager (Male) |
| 2:48 | Create | Villager (Male) |
| 2:48 | Create | Villager (Male) |
| 3:02 | Create | Villager (Male) |
| 3:37 | Create | Villager (Male) |
| 3:39 | Create | Villager (Male) |
| 3:40 | Create | Villager (Male) |
| 3:40 | Create | Villager (Male) |
| 4:29 | Create | Villager (Male) |
| 4:29 | Create | Villager (Male) |
| 4:47 | Create | Villager (Male) |
| 4:55 | Create | Villager (Male) |
| 4:55 | Create | Villager (Male) |
| 5:12 | Build | Mill |
| 5:25 | Research | Loom |
| 6:13 | Research | Feudal Age |
| 7:04 | Create | Villager (Male) |
| 7:25 | Build | Barracks |
| 7:36 | Build | Palisade Wall |
| 8:26 | Age | Feudal Age |
| 8:27 | Build | Stable |
| 8:33 | Create | Villager (Male) |
| 8:43 | Research | Double-Bit Axe |
| 8:43 | Research | Double-Bit Axe |
| 8:54 | Create | Villager (Male) |
| 9:07 | Create | Scout Cavalry |
| 9:07 | Create | Scout Cavalry |
| 9:21 | Build | Farm |
| 9:23 | Build | Farm |
| 9:25 | Create | Villager (Male) |
| 9:37 | Create | Villager (Male) |
| 9:41 | Build | Farm |
| 9:54 | Create | Scout Cavalry |
| 10:04 | Build | Farm |
| 10:09 | Build | Palisade Wall |
| 10:18 | Create | Villager (Male) |
| 10:24 | Create | Villager (Male) |
| 10:38 | Create | Villager (Male) |
| 10:41 | Build | Palisade Wall |
| 10:43 | Build | Palisade Wall |
| 10:50 | Build | Farm |
| 10:52 | Create | Villager (Male) |
| 10:55 | Create | Scout Cavalry |
| 10:57 | Create | Villager (Male) |
| 11:02 | Create | Villager (Male) |
| 11:10 | Build | Palisade Wall |
| 11:17 | Build | Farm |
| 11:35 | Create | Villager (Male) |
| 11:36 | Create | Villager (Male) |
| 12:10 | Create | Villager (Male) |
| 12:16 | Build | Palisade Wall |
| 12:17 | Build | Palisade Wall |
| 12:24 | Create | Villager (Male) |
| 12:25 | Create | Scout Cavalry |
| 12:25 | Create | Scout Cavalry |
| 12:43 | Build | Lumber Camp |
| 12:51 | Build | Palisade Wall |
| 12:58 | Create | Villager (Male) |
| 13:05 | Build | Palisade Wall |
| 13:06 | Create | Villager (Male) |
| 13:15 | Build | Palisade Wall |
| 13:25 | Create | Villager (Male) |
| 13:30 | Create | Villager (Male) |
| 13:34 | Build | Farm |
| 13:35 | Build | Farm |
| 13:38 | Create | Scout Cavalry |
| 13:39 | Create | Scout Cavalry |
| 13:39 | Create | Scout Cavalry |
| 13:43 | Build | Farm |
| 13:44 | Create | Villager (Male) |
| 14:11 | Create | Villager (Male) |
| 14:22 | Create | Scout Cavalry |
| 14:23 | Build | Farm |
| 14:24 | Build | Farm |
| 14:35 | Build | Mining Camp |
| 14:43 | Build | Palisade Wall |
| 14:47 | Create | Scout Cavalry |
| 14:50 | Build | Palisade Wall |
| 14:56 | Create | Villager (Male) |
| 15:05 | Build | Farm |
| 15:06 | Build | Farm |
| 15:12 | Create | Villager (Male) |
| 15:20 | Build | Palisade Wall |
| 15:27 | Create | Villager (Male) |
| 15:30 | Build | Farm |
| 15:35 | Build | Palisade Wall |
| 16:04 | Create | Villager (Male) |
| 16:08 | Create | Villager (Male) |
| 16:10 | Build | Archery Range |
| 16:11 | Create | Villager (Male) |
| 16:19 | Create | Villager (Male) |
| 16:21 | Build | Palisade Wall |
| 16:34 | Build | Blacksmith |
| 16:52 | Build | Farm |
| 17:06 | Create | Skirmisher |
| 17:06 | Create | Skirmisher |
| 17:11 | Build | Mining Camp |
| 17:21 | Research | Fletching |
| 17:24 | Create | Skirmisher |
| 17:24 | Create | Skirmisher |
| 17:34 | Create | Villager (Male) |
| 17:44 | Build | Farm |
| 18:18 | Create | Villager (Male) |
| 18:25 | Build | Farm |
| 18:33 | Build | Farm |
| 18:34 | Build | Farm |
| 18:48 | Build | Palisade Wall |
| 18:53 | Build | Barracks |
| 19:04 | Build | Palisade Gate |
| 19:07 | Create | Villager (Male) |
| 19:13 | Build | Farm |
| 19:14 | Build | Farm |
| 19:15 | Build | Farm |
| 19:18 | Build | Farm |
| 19:39 | Research | Castle Age |
| 19:39 | Research | Castle Age |
| 19:39 | Research | Castle Age |
| 19:48 | Build | Archery Range |
| 19:56 | Build | Stable |
| 20:04 | Create | Skirmisher |
| 20:04 | Create | Skirmisher |
| 20:24 | Research | Padded Archer Armor |
| 20:29 | Create | Skirmisher |
| 21:01 | Create | Skirmisher |
| 21:01 | Create | Skirmisher |
| 21:27 | Research | Bloodlines |
| 22:19 | Create | Villager (Male) |
| 22:19 | Age | Castle Age |
| 22:21 | Create | Knight |
| 22:22 | Create | Knight |
| 22:22 | Create | Knight |
| 22:22 | Create | Knight |
| 22:23 | Create | Knight |
| 22:26 | Build | Town Center |
| 22:35 | Create | Knight |
| 22:39 | Research | Scale Barding Armor |
| 22:46 | Build | Town Center |
| 22:47 | Create | Knight |
| 22:52 | Build | Farm |
Build order — Holy Heroin
First 150 of 852 actions detected
| 0:01 | Create | Villager (Male) |
| 0:01 | Create | Villager (Male) |
| 0:02 | Build | House |
| 0:03 | Build | House |
| 0:19 | Create | Villager (Male) |
| 0:19 | Create | Villager (Male) |
| 0:20 | Create | Villager (Male) |
| 1:25 | Create | Villager (Male) |
| 1:47 | Build | Lumber Camp |
| 1:56 | Create | Villager (Male) |
| 1:56 | Create | Villager (Male) |
| 2:10 | Create | Villager (Male) |
| 2:10 | Create | Villager (Male) |
| 2:45 | Create | Villager (Male) |
| 2:45 | Create | Villager (Male) |
| 3:14 | Create | Villager (Male) |
| 3:14 | Create | Villager (Male) |
| 3:22 | Build | House |
| 3:43 | Create | Villager (Male) |
| 3:44 | Create | Villager (Male) |
| 4:06 | Create | Villager (Male) |
| 4:06 | Create | Villager (Male) |
| 4:51 | Create | Villager (Male) |
| 4:51 | Create | Villager (Male) |
| 5:28 | Build | House |
| 5:32 | Create | Villager (Male) |
| 5:47 | Build | Mining Camp |
| 6:17 | Create | Villager (Male) |
| 6:42 | Research | Feudal Age |
| 6:42 | Research | Feudal Age |
| 7:31 | Build | Barracks |
| 7:35 | Build | House |
| 8:19 | Create | Militia |
| 8:19 | Create | Militia |
| 8:19 | Create | Militia |
| 8:20 | Create | Militia |
| 8:23 | Build | House |
| 8:27 | Build | Palisade Wall |
| 8:52 | Age | Feudal Age |
| 8:56 | Research | Man-at-Arms (upgrade) |
| 9:01 | Build | Archery Range |
| 9:21 | Build | House |
| 9:27 | Create | Spearman |
| 9:38 | Create | Villager (Male) |
| 9:49 | Build | House |
| 9:55 | Build | Mill |
| 10:08 | Create | Villager (Male) |
| 10:28 | Create | Archer |
| 10:35 | Build | House |
| 10:45 | Create | Villager (Male) |
| 10:46 | Create | Villager (Male) |
| 11:06 | Create | Spearman |
| 11:09 | Build | House |
| 11:15 | Build | House |
| 11:22 | Build | House |
| 11:25 | Build | House |
| 11:27 | Build | Palisade Wall |
| 11:27 | Build | Palisade Wall |
| 11:28 | Build | Palisade Wall |
| 11:33 | Create | Villager (Male) |
| 11:34 | Create | Villager (Male) |
| 11:35 | Create | Archer |
| 12:04 | Build | House |
| 12:09 | Build | House |
| 12:28 | Create | Villager (Male) |
| 12:32 | Create | Archer |
| 12:53 | Build | Palisade Wall |
| 12:55 | Create | Villager (Male) |
| 13:02 | Research | Loom |
| 13:02 | Research | Loom |
| 13:16 | Build | Farm |
| 13:16 | Build | Farm |
| 13:17 | Build | Farm |
| 13:17 | Build | Farm |
| 13:17 | Build | Farm |
| 13:24 | Build | Farm |
| 13:34 | Create | Villager (Male) |
| 13:39 | Create | Archer |
| 14:16 | Create | Archer |
| 14:17 | Create | Spearman |
| 14:18 | Create | Villager (Male) |
| 14:18 | Create | Villager (Male) |
| 14:22 | Build | Farm |
| 14:35 | Build | House |
| 14:40 | Create | Archer |
| 14:50 | Build | Blacksmith |
| 14:53 | Create | Villager (Male) |
| 15:11 | Create | Villager (Male) |
| 15:12 | Create | Archer |
| 15:26 | Build | House |
| 15:27 | Build | Palisade Wall |
| 15:40 | Research | Fletching |
| 15:40 | Research | Fletching |
| 15:43 | Build | Palisade Wall |
| 15:46 | Build | Palisade Wall |
| 15:58 | Build | House |
| 16:00 | Build | House |
| 16:13 | Create | Villager (Male) |
| 16:13 | Create | Villager (Male) |
| 16:14 | Create | Archer |
| 16:14 | Create | Archer |
| 16:25 | Research | Double-Bit Axe |
| 16:34 | Create | Villager (Male) |
| 16:35 | Create | Archer |
| 16:38 | Build | House |
| 17:10 | Create | Villager (Male) |
| 17:15 | Build | Archery Range |
| 17:23 | Create | Spearman |
| 17:31 | Build | Farm |
| 17:48 | Create | Villager (Male) |
| 17:49 | Create | Archer |
| 17:49 | Create | Archer |
| 18:07 | Build | Lumber Camp |
| 18:10 | Create | Villager (Male) |
| 18:21 | Build | Palisade Gate |
| 18:22 | Build | Palisade Wall |
| 18:23 | Build | Palisade Wall |
| 18:34 | Create | Villager (Male) |
| 18:45 | Create | Villager (Male) |
| 19:02 | Create | Archer |
| 19:02 | Create | Archer |
| 19:09 | Build | Farm |
| 19:13 | Build | Farm |
| 19:17 | Build | Farm |
| 19:22 | Build | House |
| 19:23 | Build | House |
| 19:24 | Build | House |
| 19:25 | Build | House |
| 19:37 | Create | Villager (Male) |
| 19:37 | Create | Villager (Male) |
| 19:37 | Create | Villager (Male) |
| 19:40 | Build | Farm |
| 19:44 | Build | Farm |
| 20:02 | Create | Villager (Male) |
| 20:03 | Create | Archer |
| 20:03 | Create | Archer |
| 20:24 | Build | Farm |
| 20:48 | Build | Farm |
| 21:04 | Create | Archer |
| 21:04 | Create | Archer |
| 21:44 | Research | Castle Age |
| 21:52 | Build | Barracks |
| 22:02 | Build | Palisade Wall |
| 22:45 | Build | House |
| 22:47 | Build | House |
| 22:52 | Create | Villager (Male) |
| 22:52 | Create | Villager (Male) |
| 22:53 | Create | Archer |
| 22:54 | Create | Archer |
| 22:56 | Research | Padded Archer Armor |
Match timeline
| 7:25 | CORP_Leugim · first_building Barracks |
| 7:31 | Holy Heroin · first_building Barracks |
| 7:36 | CORP_Leugim · wall_segment Palisade Wall x3 |
| 8:26 | CORP_Leugim · age_up feudal |
| 8:27 | Holy Heroin · wall_segment Palisade Wall x20 |
| 8:27 | CORP_Leugim · first_building Stable |
| 8:52 | Holy Heroin · age_up feudal |
| 9:01 | Holy Heroin · first_building Archery Range |
| 10:09 | CORP_Leugim · wall_segment Palisade Wall x8 |
| 10:41 | CORP_Leugim · wall_segment Palisade Wall x2 |
| 10:43 | CORP_Leugim · wall_segment Palisade Wall x6 |
| 11:10 | CORP_Leugim · wall_segment Palisade Wall x6 |
| 11:27 | Holy Heroin · wall_segment Palisade Wall x1 |
| 11:27 | Holy Heroin · wall_segment Palisade Wall x1 |
| 11:28 | Holy Heroin · wall_segment Palisade Wall x1 |
| 12:16 | CORP_Leugim · wall_segment Palisade Wall x4 |
| 12:17 | CORP_Leugim · wall_segment Palisade Wall x3 |
| 12:51 | CORP_Leugim · wall_segment Palisade Wall x5 |
| 12:53 | Holy Heroin · wall_segment Palisade Wall x10 |
| 13:05 | CORP_Leugim · wall_segment Palisade Wall x1 |
| 13:15 | CORP_Leugim · wall_segment Palisade Wall x4 |
| 14:43 | CORP_Leugim · wall_segment Palisade Wall x11 |
| 14:50 | CORP_Leugim · wall_segment Palisade Wall x5 |
| 15:20 | CORP_Leugim · wall_segment Palisade Wall x14 |
| 15:27 | Holy Heroin · wall_segment Palisade Wall x5 |
| 15:35 | CORP_Leugim · wall_segment Palisade Wall x6 |
| 15:43 | Holy Heroin · wall_segment Palisade Wall x1 |
| 15:46 | Holy Heroin · wall_segment Palisade Wall x1 |
| 16:10 | CORP_Leugim · first_building Archery Range |
| 16:21 | CORP_Leugim · wall_segment Palisade Wall x1 |
| 18:22 | Holy Heroin · wall_segment Palisade Wall x1 |
| 18:23 | Holy Heroin · wall_segment Palisade Wall x1 |
| 18:48 | CORP_Leugim · wall_segment Palisade Wall x1 |
| 22:02 | Holy Heroin · wall_segment Palisade Wall x1 |
| 22:19 | CORP_Leugim · age_up castle |
| 24:24 | Holy Heroin · age_up castle |
| 25:17 | Holy Heroin · first_building Monastery |
| 28:08 | Holy Heroin · wall_segment Palisade Wall x1 |
| 28:10 | Holy Heroin · wall_segment Palisade Wall x1 |
| 28:45 | Holy Heroin · wall_segment Palisade Wall x1 |
| 30:01 | CORP_Leugim · first_building Monastery |
| 30:25 | CORP_Leugim · wall_segment Palisade Wall x24 |
| 30:40 | Holy Heroin · first_market_buy 100 food |
| 30:41 | Holy Heroin · first_market_sell 100 wood |
| 31:33 | CORP_Leugim · first_building Siege Workshop |
| 32:53 | Holy Heroin · first_building Siege Workshop |
| 33:09 | CORP_Leugim · wall_segment Palisade Wall x3 |
| 34:44 | CORP_Leugim · first_building Castle |
| 35:55 | Holy Heroin · wall_segment Palisade Wall x16 |
| 36:38 | Holy Heroin · wall_segment Palisade Wall x1 |
| 36:39 | Holy Heroin · wall_segment Palisade Wall x2 |
| 38:36 | Holy Heroin · wall_segment Palisade Wall x7 |
| 39:48 | Holy Heroin · wall_segment Stone Wall x16 |
| 40:47 | Holy Heroin · age_up imperial |
| 40:59 | CORP_Leugim · age_up imperial |
| 45:05 | Holy Heroin · first_building Castle |
| 49:11 | CORP_Leugim · first_market_buy 100 stone |
| 49:39 | Holy Heroin · wall_segment Palisade Wall x1 |
| 49:39 | Holy Heroin · wall_segment Palisade Wall x1 |
| 49:40 | Holy Heroin · wall_segment Palisade Wall x1 |
| 49:40 | Holy Heroin · wall_segment Palisade Wall x1 |
| 49:40 | Holy Heroin · wall_segment Palisade Wall x1 |
| 50:48 | Holy Heroin · wall_segment Stone Wall x6 |
| 50:55 | Holy Heroin · wall_segment Stone Wall x20 |
| 54:00 | Holy Heroin · wall_segment Stone Wall x1 |
| 55:52 | CORP_Leugim · first_market_sell 100 food |
| 58:43 | Holy Heroin · wall_segment Stone Wall x2 |
| 58:45 | Holy Heroin · wall_segment Stone Wall x7 |
| 61:17 | Holy Heroin · wall_segment Stone Wall x1 |
| 66:57 | Holy Heroin · wall_segment Stone Wall x1 |
| 67:58 | Holy Heroin · wall_segment Stone Wall x1 |
| 68:02 | Holy Heroin · wall_segment Stone Wall x7 |
| 68:04 | Holy Heroin · wall_segment Stone Wall x8 |
| 70:02 | Holy Heroin · wall_segment Stone Wall x1 |
| 71:47 | Holy Heroin · wall_segment Palisade Wall x1 |
| 73:54 | Holy Heroin · resign |
[ AI ANALYSIS · 1 CREDIT ]
What really happened in this match?
Wolo.gg analyzes every decision: build order, eco, micro, common mistakes by bracket. Personalized analysis on WhatsApp or Discord in 30 seconds.
Civ guide
Huns
Perfil
CORP_Leugim